 Dungeon Crawl Stone Soup version 0.32-a0-468-g38b2580584 (webtiles) character file.

Game seed: 14839893382240422309

188 Dirtsage the Chopper (level 5, -2/45 HPs)
             Began as a Mountain Dwarf Fighter on Feb 24, 2024.
             Slain by Grinder (6 damage)
             ... on level 3 of the Dungeon.
             The game lasted 00:02:51 (2264 turns).

Dirtsage the Chopper (Mountain Dwarf Fighter)       Turns: 2264, Time: 00:02:52

Health: -2/45      AC:  9    Str: 20    XL:     5   Next: 39%
Magic:  5/5        EV:  7    Int:  9    God:
Gold:   116        SH:  4    Dex:  9    Spells: 4/4 levels left

rFire   . . .        a - +0 war axe
rCold   . . .        c - +0 buckler
rNeg    . . .        r - +0 chain mail
rPois   .            (no helmet)
rElec   .            (no cloak)
rCorr   .            (no gloves)
SInv    .            (no boots)
Will    +....        (no amulet) Stlth
                     h - ring of flight
HPRegen 0.27/turn    n - ring of willpower
MPRegen 0.09/turn

%: no passive effects
@: mighty, flying
A: runic magic, artefact enchanting
a: no special abilities


You were on level 3 of the Dungeon.
You visited 1 branch of the dungeon, and saw 3 of its levels.

You collected 116 gold pieces.

Inventory:

Hand Weapons
 a - a +0 war axe (weapon)
Armour
 b - a +0 scale mail
 c - a +0 buckler (worn)
 r - a +0 chain mail (worn)
Jewellery
 h - a ring of flight (left hand)
 n - a ring of willpower (right hand)
Wands
 s - a wand of charming (7)
Scrolls
 e - 3 scrolls of blinking {unknown}
 g - a scroll of summoning {unknown}
 j - 2 scrolls of poison {unknown}
 l - a scroll of vulnerability {unknown}
 o - a scroll of fog {unknown}
 p - a scroll of revelation {unknown}
 q - a scroll of fear {unknown}
Potions
 f - a potion of heal wounds {unknown}
 i - 3 potions of curing {unknown}
 k - 2 potions of attraction {unknown}
 m - a potion of mutation {unknown}


   Skills:
 - Level 3.2 Fighting
 + Level 6.9 Axes
 - Level 3.2 Armour
 - Level 3.2 Shields


You had 4 spell levels left.
You didn't know any spells.
Your spell library contained the following spells:

 Spells                   Type           Power      Damage    Failure   Level
 Call Canine Familiar     Summ           0%         N/A       94%         3
 Sigil of Binding         Hex            0%         N/A       94%         3
 Volatile Blastmotes      Fire/Tloc      0%         2d10      94%         3
 Dimensional Bullseye     Hex/Tloc       0%         N/A       100%        4
 Fulminant Prism          Conj/Alch      0%         3d5       100%        4
 Iskenderun's Mystic Bla  Conj/Tloc      0%         2d3       100%        4


Dungeon Overview and Level Annotations

Branches:
Dungeon (3/15)

Altars:
Cheibriados

Annotations:
D:3 Grinder


Innate Abilities, Weirdness & Mutations

Your spellcasting is much less encumbered by armour.
You can use scrolls of enchantment on lesser artefacts.


Message History

You take 12 damage, and have 32/45 hp.
MASSIVE DAMAGE!!
You barely miss the gnoll.
The gnoll is severely wounded.
The gnoll barely misses you. The gnoll hits you with a +0 halberd!
You take 12 damage, and have 20/45 hp.
MASSIVE DAMAGE!!
You closely miss the gnoll.
The gnoll is severely wounded.
The gnoll hits you but does no damage. You block the gnoll's attack.
You barely miss the gnoll.
The gnoll is severely wounded.
The gnoll barely misses you.
Grinder blinks!
The gnoll hits you with a +0 halberd.
You take 4 damage, and have 16/45 hp.
You hit the gnoll.
You kill the gnoll!
The gnoll hits you from afar with a +0 spear.
* * * LOW HITPOINT WARNING * * *
You take 3 damage, and have 13/45 hp.
The gnoll hits you but does no damage.
You see here a +0 halberd.
You slice the gnoll!!
You kill the gnoll!
You see here a +0 spear.
You slash Grinder!
Grinder is moderately wounded.
Grinder hits you but does no damage.
You barely miss Grinder.
Grinder is moderately wounded.
Grinder hits you.
* * * LOW HITPOINT WARNING * * *
You writhe in agony.
* * * LOW HITPOINT WARNING * * *
You take 9 damage, and have 6/45 hp.
You slash Grinder!
Grinder is heavily wounded.
Grinder hits you.
* * * LOW HITPOINT WARNING * * *
You writhe in agony.
You die...
Grinder says, "Now the real fun starts!"

........ ........
... .# ........ ..#
.# ........ ..# .#
$....... ..##.#
........ ....# # ..
... .# ..
.######5##.# ##
.......@...#........
########)###........
#)# #....... #.#
#.....# #.# #.....#
#.###.....#
#.##......#
#.##......#
#..#.##.###


You could see Grinder.

Vanquished Creatures
  A howler monkey (D:2)
  6 gnolls
  2 adders
  A dart slug (D:2)
  2 ribbon worms (D:2)
  5 ball pythons
  4 bats
  3 endoplasms (D:1)
  3 giant cockroaches
  11 hobgoblins
  11 jackals
  2 kobolds (D:1)
  3 quokkas
  A frilled lizard (D:1)
  2 goblins
  2 rats
59 creatures vanquished.

Notes
Turn   | Place    | Note
-------+----------+-------------------------------------------
     0 | D:1      | Dirtsage the Mountain Dwarf Fighter began the quest for the
                  | Orb.
     0 | D:1      | Reached XP level 1. HP: 19/19 MP: 1/1
    53 | D:1      | Reached skill level 3 in Axes
   115 | D:1      | Reached XP level 2. HP: 22/26 MP: 2/2
   242 | D:1      | You are sucked into a shaft and drop 1 floor!
   473 | D:1      | Reached skill level 4 in Axes
   628 | D:1      | Reached XP level 3. HP: 31/31 MP: 3/3
  1181 | D:2      | Reached skill level 5 in Axes
  1408 | D:2      | Reached XP level 4. HP: 32/38 MP: 4/4
  1481 | D:2      | Reached skill level 6 in Axes
  1902 | D:3      | Reached XP level 5. HP: 45/45 MP: 5/5
  2129 | D:3      | Found a snail-covered altar of Cheibriados.
  2246 | D:3      | Noticed Grinder
  2264 | D:3      | Slain by Grinder

Illustrated notes

Levels and vault maps discovered:
D:1:      dpeg_arrival_pits, layout_loops_ring
D:2:      wad_crossroads, layout_loops_ring, minivault_19
D:3:      minmay_chambers_of_twos, layout_basic, amcnicky_altar_gilded,
          chequers_ecumenical_altar_twisty, uniq_grinder, uniq_ijyb

Skill      XL: |  1  2  3  4 |
---------------+-------------+-----
Axes           | 3 4 5 6 |  6.9
Fighting       | |  3.2
Armour         | |  3.2
Shields        | |  3.2

Action                     |  1- 3 |  4- 6 || total
---------------------------+-------+-------++-------
  Melee: War axe           |   122 |    76 ||   198
    Use: Potion            |     1 |     1 ||     2
   Stab: Distracted        |     1 |       ||     1
 Armour: Scale mail        |    77 |    13 ||    90
         Chain mail        |       |    57 ||    57
  Dodge: Dodged            |    68 |    46 ||   114
  Block: Buckler           |    23 |    17 ||    40

Table legend: (Time is in decaauts)
 A = Elapsed time spent in this place.
 B = Non-inter-level travel time spent in this place.
 C = Inter-level travel time spent in this place.
 D = Time resting spent in this place.
 E = Time spent auto-exploring this place.
 F = Levels seen in this place.
 G = Mean time per level.
                   A        B        C        D        E       F      G
               +--------+--------+--------+--------+--------+-----+--------+
         Total |   2321 |   2256 |     65 |    160 |   1637 |   3 |  773.7 |
       Dungeon |   2321 |   2256 |     65 |    160 |   1637 |   3 |  773.7 |
               +--------+--------+--------+--------+--------+-----+--------+

Top non-repeatable levels by time:
     D:2: 1250 daAuts
     D:1: 892 daAuts
     D:3: 178 daAuts
